 Seeded DCSS version 0.31.0-32-g396128a36d (webtiles) character file.

Game seed: 4073344203867303942 (custom seed)

226 firemarshallily the Conjurer (level 6, -6/39 HPs)
             Began as an Octopode Conjurer on Mar 11, 2024.
             Mangled by a sleepcap (20 damage)
             ... on level 4 of the Dungeon.
             The game lasted 00:07:09 (3627 turns).

firemarshallily the Conjurer (Octopode Conjurer)    Turns: 3627, Time: 00:07:10

Health: -6/39      AC:  1    Str:  6    XL:     6   Next: 1%
Magic:  13/20      EV:  2    Int: 27    God:
Gold:   150        SH:  0    Dex: 12    Spells: 2/12 levels left

rFire   . . .        i - +2 flail (protect)
rCold   . . .        (no shield)
rNeg    . . .        (helmet restricted)
rPois   .            (no amulet)
rElec   .            p - +6 ring of intelligence
rCorr   .            q - ring of magical power
SInv    .            (no ring)
Will    .....        (no ring)
Stlth   +++          (no ring)
HPRegen 0.26/turn    (no ring)
MPRegen 0.17/turn    (no ring)
                     (no ring)

%: no passive effects
@: sleeping
A: almost no armour, amphibious, 8 rings, camouflage 1, gelatinous body 1,
(nimble swimmer 1), tentacles
a: no special abilities


You were on level 4 of the Dungeon.
You visited 1 branch of the dungeon, and saw 4 of its levels.

You collected 150 gold pieces.

Inventory:

Hand Weapons
 b - a +2 short sword of flaming
 i - a +2 flail of protection (weapon)
 o - a +2 falchion of holy wrath
Missiles
 j - 4 poisoned darts
Armour
 n - a +0 buckler
Jewellery
 p - a +6 ring of intelligence (left tentacle)
 q - a ring of magical power (right tentacle)
Scrolls
 c - 4 scrolls of identify {unknown}
 d - a scroll of brand weapon {unknown}
 e - a scroll of noise {unknown}
 f - 2 scrolls of butterflies {unknown}
 g - a scroll of revelation {unknown}
 k - a scroll of poison {unknown}
 m - 3 scrolls of immolation {unknown}
Potions
 a - 2 potions of magic
 h - 2 potions of attraction {unknown}
 l - a potion of cancellation {unknown}
 r - a potion of enlightenment {unknown}


   Skills:
 + Level 2.3 Fighting
 + Level 3.1 Dodging
 - Level 2.6 Stealth
 * Level 3.8 Spellcasting
 + Level 4.7 Conjurations


You had 2 spell levels left.
You knew the following spells:

 Your Spells              Type           Power      Damage    Failure   Level
a - Magic Dart            Conj           100%       1d8       1%          1
b - Searing Ray           Conj           60%        2d6       1%          2
c - Fulminant Prism       Conj/Alch      8%         3d7       30%         4
d - Frozen Ramparts       Ice            10%        1d2       24%         3

Your spell library contained the following spells:

 Spells                   Type           Power      Damage    Failure   Level
 Freeze                   Ice            20%        1d4       9%          1
 Hailstorm                Conj/Ice       17%        3d6       10%         3
 Iskenderun's Mystic Bla  Conj/Tloc      17%        2d5       30%         4


Dungeon Overview and Level Annotations

Branches:
Dungeon (4/15)
 Temple: D:4-7

Altars:
Ashenzari
Nemelex Xobeh

Annotations:
D:2 1 runed translucent door, Crazy Yiuf


Innate Abilities, Weirdness & Mutations

You cannot wear most types of armour.
You are amphibious.
You can wear up to eight rings at the same time.
Your skin changes colour to match your surroundings (Stealth+).
Your rubbery body absorbs attacks. (AC +1, EV +1)
((You are camouflaged when in or above water. (Stealth+)))
You have tentacles for arms and can constrict up to eight enemies at once.


Message History

You feel sick.
The orc wizard points at you and mumbles some strange words.
The puff of flame misses you.
You feel sick.
The orc wizard attacks as it pursues you!
The orc wizard closely misses you.
You feel sick.
The orc wizard casts a spell.
The orc wizard flickers and vanishes!
Deactivating autopickup; reactivate with Ctrl-A.
You feel sick.
You are no longer poisoned.
Press: ? - help, v - describe, . - travel The floor.
Casting: Magic Dart (safe; 1% risk of failure)
Confirm with . or Enter, or press ? or * to list all spells.
Aiming: Searing Ray (safe; 1% risk of failure)
Press: ? - help, Shift-Dir - straight line, f - sleepcap
Aim: a sleepcap (100% to hit)
The searing ray hits the sleepcap.
The sleepcap is lightly damaged. (Press . to maintain the ray.)
You hear some strange, mumbled words.
A puff of flame appears from out of thin air!
The puff of flame hits you!
The searing ray hits the sleepcap.
The sleepcap is moderately damaged.
The searing ray hits the orc.
The orc is heavily wounded.
You hear some strange, mumbled words.
A puff of flame appears from out of thin air!
The puff of flame hits you!
The searing ray hits the sleepcap!
The sleepcap is heavily damaged.
The sleepcap releases spores at you.
You are engulfed in a cloud of soporific spores!
You fall asleep.
The sleepcap releases spores at you!!
Ouch! That really hurt!
You die...

#.####.....# ..
...........# ...
..##........#####.#
###.........#..#
##...#........# .
#...#...##....##
#....#...###o....###.
#....#..###oo........
.##....#@f{#........
###.#..####.f....#
#...## ....... ##.##
..#..#. ## .## ... ##
.. .


You could see a sleepcap and 3 orcs.

Vanquished Creatures
  2 orc priests (D:3)
  An iguana (D:4)
  3 gnolls (D:2)
  3 adders
  3 ribbon worms (D:2)
  8 orcs
  5 ball pythons
  7 endoplasms
  2 giant cockroaches
  4 goblins
  9 hobgoblins
  A jackal (D:4)
  A quokka (D:3)
  6 bats
  2 frilled lizards
  5 kobolds
  6 rats
68 creatures vanquished.

Notes
Turn   | Place    | Note
-------+----------+-------------------------------------------
     0 | D:1      | firemarshallily the Octopode Conjurer began the quest for
                  | the Orb.
     0 | D:1      | Reached XP level 1. HP: 11/11 MP: 3/3
   298 | D:1      | Reached XP level 2. HP: 18/18 MP: 0/5
   353 | D:1      | Learned a level 2 spell: Searing Ray
  1042 | D:2      | Reached XP level 3. HP: 3/22 MP: 1/6
  1043 | D:2      | HP: 1/22 [poisoned by an adder]
  1134 | D:2      | Reached skill level 1 in Fighting
  1452 | D:2      | Reached XP level 4. HP: 28/28 MP: 1/8
  2069 | D:2      | Found a runed translucent door.
  2070 | D:2      | Noticed Crazy Yiuf
  2181 | D:3      | Reached XP level 5. HP: 34/34 MP: 4/9
  2372 | D:3      | Found a faded altar of an unknown god.
  2448 | D:3      | Found a broken altar of Ashenzari.
  3147 | D:3      | Found a sparkling altar of Nemelex Xobeh.
  3345 | D:4      | Learned a level 4 spell: Fulminant Prism
  3349 | D:4      | Learned a level 3 spell: Frozen Ramparts
  3543 | D:4      | Reached XP level 6. HP: 39/39 MP: 11/11
  3627 | D:4      | Mangled by a sleepcap

Illustrated notes

Levels and vault maps discovered:
D:1:      saegor_arrival_simple_a, layout_loops_ring
D:2:      layout_rooms, nicolae_elevator_lobby_asterisk, uniq_crazy_yiuf_cottage
D:3:      layout_basic, lemuel_coloured_pillars_altar,
          mainiacjoe_overflow_brackets, ebering_ecumenical_altar_box,
          minmay_between
D:4:      layout_layer_cave, general_overflow_altar, gammafunk_ghost_smash,
          serial_bayou_lagoon_a, minmay_manual_monolith

Skill      XL: |  1  2  3  4  5 |
---------------+----------------+-----
Fighting       | 1 2 |  2.3
Spellcasting   | 3 |  3.8
Dodging        | 3 |  3.1
Stealth        | |  2.6
Conjurations   | |  4.7

Action                     |  1- 3 |  4- 6 || total
---------------------------+-------+-------++-------
  Melee: Short sword       |    11 |     1 ||    12
         Constrict         |     3 |     2 ||     5
         Tentacles         |     2 |     3 ||     5
         Flail             |       |     9 ||     9
   Cast: Magic Dart        |    51 |    91 ||   142
         Searing Ray       |     1 |     2 ||     3
 Armour: Skin              |     9 |     8 ||    17
  Dodge: Dodged            |     7 |    12 ||    19
